 Dungeon Crawl Stone Soup version 0.20.1-1-g8b1a95d (webtiles) character file.

316 wnhky the Sneak (level 6, -4/30 HPs)
             Began as a Spriggan Enchanter on Sept 23, 2017.
             Was a Follower of Dithmenos.
             Slain by a gnoll
             ... wielding a +0 club
              (7 damage)
             ... on level 5 of the Dungeon.
             The game lasted 00:08:40 (4564 turns).

wnhky the Sneak (Spriggan Enchanter)                Turns: 4564, Time: 00:08:41

Health: -4/30      AC:  2    Str:  4    XL:     6   Next: 20%
Magic:  12/12      EV: 19    Int: 20    God:    Dithmenos [*.....]
Gold:   203        SH:  5    Dex: 18    Spells: 2/12 levels left

rFire    . . .     SeeInvis +   v - +4 dagger of Irrepressible Laughter {vamp, rPois Int+3}
rCold    . . .     Gourm    .   (shield restricted)
rNeg     . . .     Faith    .   b - +0 robe
rPois    +         Spirit   .   (helmet restricted)
rElec    .         Reflect  +   (no cloak)
rCorr    .         Harm     .   (gloves unavailable)
MR       +....                  (boots unavailable)
Stlth    ++++......             t - +5 amulet of reflection
Regen    0.1/turn               (no ring)
MPRegen  0.2/turn               (no ring)

@: wreathed by umbra, drained, very quick
A: unfitting armour, see invisible, herbivore 3, speed 3, slow metabolism 2
a: Renounce Religion


You were on level 5 of the Dungeon.
You worshipped Dithmenos.
Dithmenos was aware of your devotion.
You were not hungry.

You visited 1 branch of the dungeon, and saw 5 of its levels.

You collected 203 gold pieces.

Inventory:

Hand Weapons
 q - a +1 dagger of electrocution
 r - a +1 dagger of venom
 v - the +4 dagger of Irrepressible Laughter (weapon) {vamp, rPois Int+3}
   (You found it on level 4 of the Dungeon)

   It inflicts no extra harm, but heals its wielder when it wounds a living foe.
   It affects your intelligence (+3).
   It protects you from poison.
Missiles
 e - 70 sling bullets
Armour
 b - a +0 robe (worn)
Jewellery
 s - an uncursed amulet of harm
 t - a +5 amulet of reflection (around neck)
Scrolls
 a - a scroll of random uselessness {unknown}
 g - 2 scrolls of enchant weapon {unknown}
 h - 3 scrolls of remove curse {unknown}
 i - a scroll of fog {unknown}
 k - 5 scrolls of identify {unknown}
 l - a scroll of immolation {unknown}
 u - a scroll of amnesia {unknown}
 w - a scroll of teleportation {unknown}
Potions
 f - a potion of flight {unknown}
 m - a potion of invisibility {unknown}
 n - a potion of berserk rage {unknown}
 o - a potion of heal wounds {unknown}
 x - a potion of agility {unknown}
Books
 c - a book of Maledictions

   Spells                             Type                      Level
   a - Corona                         Hexes                        1
   b - Ensorcelled Hibernation        Hexes/Ice                    2
   c - Confuse                        Hexes                        3
   d - Tukima's Dance                 Hexes                        3
   e - Dazzling Spray                 Conjuration/Hexes            3
 p - a book of Cantrips

   Spells                             Type                      Level
   a - Confusing Touch                Hexes                        1
   b - Animate Skeleton               Necromancy                   1
   c - Summon Small Mammal            Summoning                    1
   d - Apportation                    Translocation                1
Comestibles
 d - 4 bread rations
 j - 3 fruits


   Skills:
 + Level 1.4(0.5) Fighting
 * Level 3.3(2.4) Short Blades
 + Level 4.5(3.6) Dodging
 * Level 6.2(5.2) Stealth
 + Level 3.9(3.0) Spellcasting
 + Level 4.1(3.2) Hexes
 + Level 1.5(0.6) Invocations


You had 2 spell levels left.
You knew the following spells:

 Your Spells              Type           Power        Failure   Level  Hunger
a - Corona                Hex            ###....      3%          1    None
b - Ensorcelled Hibernat  Hex/Ice        #.....       11%         2    ##.....
c - Confuse               Hex            ###.....     12%         3    ###....
d - Dazzling Spray        Conj/Hex       #.....       22%         3    ###....
e - Animate Skeleton      Necr           N/A          14%         1    None


Dungeon Overview and Level Annotations

Branches:
Dungeon (5/15)             Temple (0/1) D:4

Altars:
Cheibriados
Dithmenos
Okawaru
Vehumet
The Shining One


Innate Abilities, Weirdness & Mutations

You are very small and have problems with some larger weapons.
You are too small for most types of armour.
You have supernaturally acute eyesight. (SInv)
You are a herbivore.
You cover ground extremely quickly.
You need consume almost no food.


Message History

You completely miss the gnoll.
The gnoll is almost dead.
You barely miss the gnoll.
The gnoll is almost dead.
You block the gnoll's attack. The gnoll closely misses you.
You closely miss the gnoll.
The gnoll is almost dead.
The gnoll hits you with a spear.
* * * LOW HITPOINT WARNING * * *
The gnoll completely misses you.
You hit the gnoll but do no damage.
The gnoll is almost dead.
The gnoll hits you with a spear.
* * * LOW HITPOINT WARNING * * *
You block the gnoll's attack.
You hit the gnoll.
You feel better.
You kill the gnoll!
Dithmenos accepts your kill. The gnoll hits you with a club!
You die...

#.# #.# #.# #.#
#.# #[# #
#.############.#
.#
#....g@.....##.##
.#
######).........#
## #.####.##..#
#.# #......#
#.###..###.#
#####
#.##.......#
....#
#/###..##..#
###.######### #.#
#..##..#
#.........# #.#
#..#####


You could see a gnoll.

Vanquished Creatures
  The ghost of Totori the Ruffian, an amateur TrFi (D:3)
  A gnoll shaman (D:4)
  An iguana (D:4)
  6 gnolls
  4 adders
  A worm (D:2)
  4 dart slugs
  A leopard gecko (D:3)
  3 orcs
  6 giant cockroaches
  9 goblins
  3 hobgoblins
  4 jackals (D:3)
  2 quokkas
  A ball python (D:2)
  6 bats
  8 frilled lizards
  3 kobolds
  4 rats
68 creatures vanquished.

Notes
Turn   | Place    | Note
-------+----------+-------------------------------------------
     0 | D:1      | wnhky the Spriggan Enchanter began the quest for the Orb.
     0 | D:1      | Reached XP level 1. HP: 9/9 MP: 5/5
   309 | D:1      | Reached XP level 2. HP: 14/14 MP: 4/6
   340 | D:1      | Learned a level 2 spell: Ensorcelled Hibernation
  1073 | D:2      | Found a glowing golden altar of the Shining One.
  1145 | D:2      | Reached XP level 3. HP: 17/17 MP: 8/8
  1152 | D:2      | Learned a level 3 spell: Confuse
  1393 | D:2      | Found a radiant altar of Vehumet.
  1394 | D:2      | Found a shadowy altar of Dithmenos.
  1395 | D:2      | Found an iron altar of Okawaru.
  1395 | D:2      | Found a snail-covered altar of Cheibriados.
  1425 | D:2      | Became a worshipper of Dithmenos the Shadowed
  1435 | D:2      | Reached skill level 5 in Stealth
  2057 | D:3      | Reached XP level 4. HP: 21/21 MP: 7/10
  2216 | D:3      | Reached skill level 1 in Fighting
  2720 | D:3      | Noticed Totori's ghost (amateur TrFi)
  2764 | D:3      | Killed Totori's ghost
  2764 | D:3      | Reached XP level 5. HP: 9/25 MP: 1/11
  3247 | D:3      | Reached * piety under Dithmenos
  3513 | D:4      | Got a scorched dagger
  3514 | D:4      | Identified the +4 dagger of Irrepressible Laughter {vamp, rPois Int+3} (You found it on level 4 of the Dungeon)
  3786 | D:4      | Reached skill level 1 in Invocations
  4090 | D:4      | Reached XP level 6. HP: 30/30 MP: 7/12
  4099 | D:4      | Reached skill level 6 in Stealth
  4202 | D:4      | Found a staircase to the Ecumenical Temple.
  4437 | D:5      | Entered Level 5 of the Dungeon
  4442 | D:5      | Learned a level 3 spell: Dazzling Spray
  4455 | D:5      | Learned a level 1 spell: Animate Skeleton
  4564 | D:5      | Slain by a gnoll

Skill      XL: |  1  2  3  4  5  6 |
---------------+-------------------+-----
Spellcasting   | 3 |  3.9
Short Blades   | 2 3 |  3.3
Stealth        | 5 6 |  6.2
Dodging        | 4 |  4.5
Fighting       | 1 |  1.4
Hexes          | 4 |  4.1
Invocations    | 1 |  1.5

Action                   |  1- 3 |  4- 6 || total
-------------------------+-------+-------++-------
Melee: Dagger            |   114 |   127 ||   241
 Cast: Corona            |     2 |       ||     2
       Ensorcelled Hiber |     6 |     5 ||    11
       Confuse           |       |     5 ||     5
 Stab: Sleeping          |    20 |    14 ||    34
       Confused          |       |     3 ||     3
  Eat: Bread ration      |       |     1 ||     1
       Royal jelly       |       |     1 ||     1
Armor: Robe              |    11 |     2 ||    13
Dodge: Dodged            |    82 |    80 ||   162
Block: Other             |       |    19 ||    19
